 Dungeon Crawl Stone Soup version 0.31-a0-845-g9abc20d24f (webtiles) character file.

Game seed: 12959476791395480415

2664 pokeman the Thaumaturge (level 9, -13/50 HPs)
             Began as a Deep Elf Hedge Wizard on Oct 3, 2023.
             Was a Follower of Vehumet.
             Mangled by a two-headed ogre
             ... wielding a +0 giant club
              (23 damage)
             ... on level 7 of the Dungeon.
             The game lasted 00:18:48 (7710 turns).

pokeman the Thaumaturge (Deep Elf Hedge Wizard)     Turns: 7710, Time: 00:18:49

Health: -13/50     AC:  8    Str: 13    XL:     9   Next: 36%
Magic:  14/26      EV: 13    Int: 24    God:    Vehumet [*.....]
Gold:   324        SH:  0    Dex: 14    Spells: 23/31 levels left

rFire   + . .        l - +0 dagger (venom)
rCold   . . .        (no shield)
rNeg    . . .        k - +2 robe {rF+}
rPois   .            c - +0 hat
rElec   .            (no cloak)
rCorr   .            z - +2 pair of gloves
SInv    .            a - +0 pair of boots
Will    .....        (no amulet)
Stlth   ++           t - +6 ring of strength
HPRegen 0.28/turn    (no ring)
MPRegen 0.20/turn

%: no passive effects
@: no status effects
A: no striking features
a: Renounce Religion


You were on level 7 of the Dungeon.
You worshipped Vehumet.
Vehumet was aware of your devotion.
You visited 1 branch of the dungeon, and saw 7 of its levels.

You collected 324 gold pieces.

Inventory:

Hand Weapons
 l - a +0 dagger of venom (weapon)
 x - the +5 falchion of Golo {vamp, Str+3 Dex+5 Stlth+}
   (You found it on level 6 of the Dungeon)

   Str+3:     It affects your strength (+3).
   Dex+5:     It affects your dexterity (+5).
   Stlth+:    It makes you more stealthy.
Missiles
 A - a curare-tipped dart
Armour
 a - a +0 pair of boots (worn)
 c - a +0 hat (worn)
 k - a +2 robe of fire resistance (worn)
 z - a +2 pair of gloves (worn)
Magical Staves
 q - a staff of conjuration
Jewellery
 t - a +6 ring of strength (left hand)
Wands
 b - a wand of light (13)
 j - a wand of mindburst (25)
 s - a wand of paralysis (9)
 C - a wand of digging (7)
Scrolls
 e - 6 scrolls of teleportation {unknown}
 f - a scroll of immolation {unknown}
 i - 2 scrolls of revelation {unknown}
 m - a scroll of poison {unknown}
 w - a scroll of noise {unknown}
 y - a scroll of enchant weapon {unknown}
 B - a scroll of blinking {unknown}
Potions
 d - a potion of magic
 g - 4 potions of lignification {unknown}
 h - a potion of invisibility {unknown}
 n - a potion of brilliance {unknown}
 o - 5 potions of curing {unknown}
 p - a potion of degeneration {unknown}
 r - a potion of ambrosia {unknown}
 u - a potion of berserk rage {unknown}
 v - a potion of resistance {unknown}


   Skills:
 + Level 3.1 Fighting
 - Level 3.0 Armour
 - Level 3.2 Dodging
 - Level 3.0 Stealth
 * Level 11.7 Spellcasting
 + Level 8.0 Conjurations
 - Level 1.1 Summonings
 - Level 1.1 Translocations
 - Level 1.0 Air Magic
 - Level 1.1 Poison Magic
 - Level 1.0 Evocations


You had 23 spell levels left.
You knew the following spells:

 Your Spells              Type           Power      Damage    Failure   Level
a - Magic Dart            Conj           100%       1d8       1%          1
b - Mephitic Cloud        Conj/Pois/Air  30%        N/A       3%          3
c - Call Imp              Summ           38%        N/A       4%          2
d - Blink                 Tloc           38%        N/A       4%          2

Your spell library contained the following spells:

 Spells                   Type           Power      Damage    Failure   Level
 Shock                    Conj/Air       100%       1d9       1%          1
 Hailstorm                Conj/Ice       33%        3d8       2%          3
 Freeze                   Ice            56%        1d7       4%          1
 Slow                     Hex            56%        N/A       4%          1
 Cigotuvi's Dreadful Rot  Necr/Pois/Air  34%        N/A       4%          2
 Lesser Beckoning         Tloc           38%        N/A       4%          2
 Gell's Gravitas          Tloc           19%        N/A       9%          3
 Teleport Other           Tloc           19%        N/A       9%          3
 Frozen Ramparts          Ice            28%        1d5       13%         3
 Animate Dead             Necr           14%        N/A       41%         4
 Borgnjor's Vile Clutch   Necr/Erth      7%         N/A       77%         5
 Death Channel            Necr           7%         N/A       100%        6


Dungeon Overview and Level Annotations

Branches:
Dungeon (7/15)             Temple (0/1) D:5

Altars:
Elyvilon
Uskayaw
Vehumet


Message History

Your Conjurations skill increases to level 8!
Unknown command.
Casting: Magic Dart (safe; 1% risk of failure)
Confirm with . or Enter, or press ? or * to list all spells.
Aiming: Mephitic Cloud (dangerous; 3% risk of failure)
Press: ? - help, Shift-Dir - straight line The ball explodes into a vile cloud!
The stinking cloud engulfs the two-headed ogre but does no damage.
The two-headed ogre is engulfed in noxious fumes.
The two-headed ogre appears confused.
Unknown command.
Unknown command.
Casting: Mephitic Cloud (dangerous; 3% risk of failure)
Confirm with . or Enter, or press ? or * to list all spells.
You can't see any susceptible monsters within range! (Use Z to cast anyway.) Unknown command.
Unknown command.
Casting: Mephitic Cloud (dangerous; 3% risk of failure)
Confirm with . or Enter, or press ? or * to list all spells.
Aiming: Magic Dart (safe; 1% risk of failure)
Press: ? - help, Shift-Dir - straight line, f - two-headed ogre
Aim: a two-headed ogre, wielding two +0 giant clubs (confused, 100% to hit)
The magic dart hits the two-headed ogre.
The two-headed ogre is lightly wounded.
The two-headed ogre seems less confused.
Unknown command.
Casting: Magic Dart (safe; 1% risk of failure)
Confirm with . or Enter, or press ? or * to list all spells.
Aiming: Magic Dart (safe; 1% risk of failure)
Press: ? - help, Shift-Dir - straight line, f/p - two-headed ogre
Aim: a two-headed ogre, wielding two +0 giant clubs (noxious fumes, lightly wounded, 100% to hit)
The magic dart hits the two-headed ogre.
The two-headed ogre is lightly wounded.
The two-headed ogre is engulfed in noxious fumes.
You hit the two-headed ogre.
The two-headed ogre is poisoned.
The two-headed ogre is lightly wounded.
The two-headed ogre hits you with a +0 giant club!!
* * * LOW HITPOINT WARNING * * *
The two-headed ogre hits you with a +0 giant club!!
You die...

........## ##)......#######
#......)#.....#
##)......###### ## ####
##......##..'..## .###...#
#.).....# .###..# .#..#..
##.)####.# #(#8.###....###..
#..## ### #$##O##....#..#.#
.).# #.@8#......#.#. ..##
#..)'.......... .##
#:##+###......... .## #?#8.#
##........ ..##
B###..####........ ...####
#.. ..##...........
#.....###########......######
#.....................##
##..###......)###.....#


You could see a boulder beetle and a two-headed ogre (very poisoned).

Vanquished Creatures
  Prince Ribbit (D:5)
  Sigmund (D:2)
  A steam dragon (D:6)
  4 ice beasts
  2 orc warriors (D:7)
  3 black bears
  3 phantoms
  A kobold brigand (D:7)
  A bullfrog (D:7)
  A scorpion (D:5)
  2 howler monkeys
  4 jellies
  3 hounds
  5 orc priests
  A gnoll bouda (D:7)
  A sleepcap (D:6)
  3 iguanas
  Ijyb (D:3)
  Terence (D:3)
  2 orc wizards
  6 adders
  4 gnolls (D:7)
  4 white imps
  An ufetubus (D:5)
  2 worms (D:2)
  2 dart slugs (D:1)
  13 orcs
  6 bats
  7 endoplasms
  3 giant cockroaches
  9 goblins
  4 hobgoblins
  2 jackals (D:4)
  10 quokkas
  5 ball pythons (D:1)
  4 frilled lizards
  7 kobolds
  8 rats
138 creatures vanquished.

Vanquished Creatures (collateral kills)
  A sleepcap (D:6)
1 creature vanquished.

Grand Total: 139 creatures vanquished

Notes
Turn   | Place    | Note
-------+----------+-------------------------------------------
     0 | D:1      | pokeman the Deep Elf Hedge Wizard began the quest for the
                  | Orb.
     0 | D:1      | Reached XP level 1. HP: 10/10 MP: 7/7
   323 | D:1      | Reached XP level 2. HP: 16/16 MP: 6/9
   911 | D:1      | Reached skill level 5 in Spellcasting
  1089 | D:1      | Reached XP level 3. HP: 20/20 MP: 7/11
  1093 | D:1      | Learned a level 3 spell: Mephitic Cloud
  1096 | D:1      | Learned a level 2 spell: Call Imp
  1099 | D:1      | Learned a level 2 spell: Blink
  1417 | D:1      | Found a faded altar of an unknown god.
  1417 | D:1      | Noticed a neqoxec
  1739 | D:2      | Reached skill level 1 in Fighting
  1834 | D:2      | Reached skill level 1 in Armour
  1946 | D:2      | Noticed Sigmund
  1972 | D:2      | Killed Sigmund
  1973 | D:2      | Reached XP level 4. HP: 22/25 MP: 4/13
  1973 | D:2      | Reached XP level 5. HP: 26/29 MP: 4/14
  2209 | D:2      | Reached skill level 5 in Conjurations
  2833 | D:3      | Noticed Ijyb
  2851 | D:3      | Killed Ijyb
  2852 | D:3      | Reached XP level 6. HP: 34/34 MP: 13/16
  2903 | D:3      | Noticed Terence
  2917 | D:3      | Killed Terence
  3265 | D:4      | Reached skill level 6 in Spellcasting
  3497 | D:4      | Reached skill level 1 in Evocations
  3539 | D:4      | Identified the +3 kite shield "Haqit" {Regen+}
  4108 | D:4      | Reached XP level 7. HP: 38/38 MP: 16/19
  4137 | D:4      | Found a hide-covered altar of Uskayaw.
  4167 | D:4      | Found a white marble altar of Elyvilon.
  4255 | D:5      | Entered Level 5 of the Dungeon
  4255 | D:5      | Noticed Prince Ribbit
  4255 | D:5      | Found a radiant altar of Vehumet.
  4277 | D:4      | Reached skill level 7 in Spellcasting
  4277 | D:4      | Reached skill level 1 in Air Magic
  4277 | D:4      | Reached skill level 1 in Poison Magic
  4351 | D:5      | Killed Prince Ribbit
  4482 | D:5      | Became a worshipper of Vehumet
  4494 | D:5      | Found a staircase to the Ecumenical Temple.
  4630 | D:5      | Reached skill level 8 in Spellcasting
  4804 | D:5      | Reached XP level 8. HP: 5/44 MP: 11/22
  5343 | D:5      | Reached skill level 9 in Spellcasting
  6022 | D:6      | Identified the +5 falchion of Golo {vamp, Str+3 Dex+5
                  | Stlth+}
  6259 | D:6      | Reached skill level 10 in Spellcasting
  6833 | D:6      | Reached XP level 9. HP: 25/49 MP: 13/25
  6993 | D:6      | Reached skill level 11 in Spellcasting
  7333 | D:7      | Reached * piety under Vehumet
  7333 | D:7      | Offered knowledge of Shock by Vehumet.
  7682 | D:7      | Noticed a boulder beetle
  7699 | D:7      | Noticed a two-headed ogre
  7710 | D:7      | Mangled by a two-headed ogre

Illustrated notes

Levels and vault maps discovered:
D:1:      kilobyte_arrival_exit_the_forest, layout_loops_corners, serial_forest,
          infiniplex_forest_straight_2, infiniplex_forest_end_2,
          infiniplex_forest_end_2, infiniplex_forest_end_2,
          infiniplex_forest_3_way, infiniplex_forest_lined_room_,
          infiniplex_forest_diagonal, infiniplex_forest_straight_4,
          dreamdust_ecumenical_altar_sealed_demon, minivault_19
D:2:      layout_rooms, uniq_sigmund
D:3:      layout_rooms, chequers_avenue, st_stairs_11, solitary_fountain,
          minmay_misc_feat_rows, serial_bayou_lagoon_b, uniq_ijyb, uniq_terence
D:4:      layout_rooms, mainiacjoe_overflow_two_lobes, dk_noncrumbling_2,
          nrook_campfire
D:5:      layout_cave_pods, nicolae_vehumet_radiance, temple_doors_e,
          uniq_prince_ribbit1
D:6:      layout_loops_cross
D:7:      minmay_chambers_of_sixes, layout_layer_cave

Skill      XL: |  1  2  3  4  5  6  7  8  9 |
---------------+----------------------------+-----
Spellcasting   | 5 6 8 10 11 | 11.7
Fighting       | 1 2 3 |  3.1
Armour         | 1 3 |  3.0
Conjurations   | 4 5 6 7 8 |  8.0
Stealth        | 3 |  3.0
Dodging        | 3 |  3.2
Evocations     | 1 |  1.0
Air Magic      | 1 |  1.0
Poison Magic   | 1 |  1.1
Summonings     | |  1.1
Translocations | |  1.1

Action                     |  1- 3 |  4- 6 |  7- 9 || total
---------------------------+-------+-------+-------++-------
  Melee: Dagger            |    14 |    46 |   107 ||   167
         Punch             |       |       |     3 ||     3
         Falchion          |       |       |     9 ||     9
   Cast: Magic Dart        |    85 |    84 |   170 ||   339
         Mephitic Cloud    |     2 |     9 |    20 ||    31
         Call Imp          |       |       |     9 ||     9
         Blink             |       |       |     6 ||     6
   Stab: Sleeping          |     1 |       |       ||     1
         Confused          |       |     5 |    13 ||    18
         Distracted        |       |       |     1 ||     1
 Armour: Robe              |    10 |    13 |    96 ||   119
  Dodge: Dodged            |    21 |    26 |    92 ||   139

Table legend: (Time is in decaauts)
 A = Elapsed time spent in this place.
 B = Non-inter-level travel time spent in this place.
 C = Inter-level travel time spent in this place.
 D = Time resting spent in this place.
 E = Time spent auto-exploring this place.
 F = Levels seen in this place.
 G = Mean time per level.
                   A        B        C        D        E       F      G
               +--------+--------+--------+--------+--------+-----+--------+
         Total |   7735 |   7571 |    164 |     58 |   6402 |   7 | 1105.0 |
       Dungeon |   7735 |   7571 |    164 |     58 |   6402 |   7 | 1105.0 |
               +--------+--------+--------+--------+--------+-----+--------+

Top non-repeatable levels by time:
     D:5: 1674 daAuts
     D:1: 1597 daAuts
     D:6: 1145 daAuts
     D:4: 1076 daAuts
     D:2: 886 daAuts
     D:3: 785 daAuts
     D:7: 569 daAuts
